Map: Echo LE (Void)

Players

SlaveOne - Winner!

  • Race: Terran Terran

AgCl

  • Race: Protoss Protoss

VOD

Have the link to the VOD?

Description

Time

  • Played on: May 4, 2015, 9:38 p.m.
  • Length: 7:45
Show
View Real Time Build Order
Export as new Build Order

SlaveOne Terran - Winner!

Build Orders: 1/1/1, Cyclone Opening, Banshee Rush 

Get SALT Encoding   

  12  0:01  SCV  
  13  0:13  SCV  
  14  0:16  Supply Depot  
  14  0:25  SCV  
  15  0:38  SCV  
  15  0:39  Refinery  
  16  0:43  Barracks  
  16  0:50  SCV  
  16  0:55  Supply Depot  
  17  1:02  SCV  
  18  1:14  SCV  
  19  1:29  Orbital Command  
  19  1:30  Marine  
  20  1:39  Factory  
  20  1:51  Refinery  
  20  1:57  Engineering Bay  
  20  1:58  SCV  
  21  2:10  SCV  
  21  2:11  Barracks  
  22  2:22  SCV  
  22  2:23  Starport  
  22  2:26  Factory Tech Lab  
  22  2:30  Marine  
  22  2:34  SCV  
  24  2:46  SCV  
  24  2:50  Marine  
  26  2:58  SCV  
  26  2:59  Cyclone  
  26  3:01  Starport Tech Lab  
  26  3:02  Marine  
  31  3:10  Command Center  
  31  3:20  Supply Depot  
  31  3:23  Supply Depot  
  31  3:27  Cloaking Field  
  31  3:42  SCV, Marine  
  31  3:45  Cyclone  
  36  3:48  Engineering Bay  
  36  3:49  Marine  
  36  3:54  SCV  
  38  3:59  Marine  
  39  4:06  SCV, Banshee  
  39  4:07  Marine  
  44  4:13  Missile Turret  
  44  4:17  Marine  
  45  4:24  Barracks, Orbital Command  
  45  4:27  SCV  
  46  4:33  Cyclone  
  49  4:39  Supply Depot  
  45  5:05  Siege Tank  
  48  5:22  Marine x2  
  48  5:24  SCV  
  48  5:26  Supply Depot  
  48  5:27  Supply Depot  
  51  5:39  Marine  
  51  5:40  Marine  
  53  5:46  Marine  
  53  5:47  Viking  
  56  5:57  Marine  
  56  5:58  Marine  
  56  6:02  Siege Tank  
  61  6:04  Marine  
  62  6:17  Viking  
  64  6:28  Orbital Command  
  64  6:30  Marine x3  
  70  6:40  Siege Tank  
  67  6:55  Missile Turret  
  67  6:56  Missile Turret  
  67  6:58  Missile Turret  
  67  6:59  Barracks Tech Lab x3  
  67  7:03  SCV x2  
Show
View Real Time Build Order
Export as new Build Order

AgCl Protoss 

Build Orders: Oracle Opening, Oracle Opening 

Get SALT Encoding   

  12  0:06  Probe  
  13  0:18  Probe  
  14  0:35  Pylon  
  14  0:51  Assimilator  
  14  0:53  Probe  
  15  1:05  Probe  
  15  1:09  Gateway  
  16  1:17  Probe (Chrono Boost)  
  17  1:21  Pylon  
  17  1:29  Probe (Chrono Boost)  
  18  1:36  Probe (Chrono Boost)  
  19  1:46  Probe (Chrono Boost)  
  20  1:50  Assimilator  
  21  1:55  Probe (Chrono Boost)  
  21  1:56  Zealot (Chrono Boost)  
  23  2:03  Probe  
  23  2:04  Cybernetics Core  
  24  2:15  Probe  
  27  2:16  Zealot (Chrono Boost)  
  27  2:22  Forge  
  27  2:27  Probe  
  28  2:39  Probe (Chrono Boost)  
  29  2:55  Probe (Chrono Boost)  
  29  2:56  Stargate  
  30  2:59  Pylon  
  30  3:03  Pylon  
  30  3:16  Pylon  
  30  3:17  Mothership Core  
  32  3:22  Nexus  
  32  3:26  Photon Cannon  
  32  3:29  Warp Gate (Chrono Boost)  
  32  3:49  Oracle (Chrono Boost), Photon Cannon  
  32  3:51  Pylon  
  32  3:54  Probe  
  36  4:06  Probe  
  37  4:16  Void Ray (Chrono Boost)  
  41  4:19  Probe  
  42  4:31  Probe (Chrono Boost)  
  44  4:41  Probe x2 (Chrono Boost)  
  45  4:48  Probe x2  
  45  4:56  Phoenix (Chrono Boost)  
  44  5:00  Photon Cannon  
  44  5:06  Probe x2  
  46  5:08  Pylon  
  46  5:11  Assimilator  
  46  5:13  Assimilator  
  46  5:20  Protoss Air Weapons Level 1 (Chrono Boost)  
  46  5:21  Probe (Chrono Boost)  
  46  5:23  Probe (Chrono Boost)  
  46  5:26  Photon Cannon  
  47  5:33  Probe (Chrono Boost)  
  47  5:34  Probe (Chrono Boost)  
  50  5:43  Void Ray (Chrono Boost)  
  50  5:46  Probe  
  54  5:50  Fleet Beacon, Pylon  
  54  5:51  Probe  
  55  5:58  Probe  
  54  6:17  Probe (Chrono Boost), Carrier (Chrono Boost)  
  54  6:19  Probe (Chrono Boost)  
  50  6:31  Probe (Chrono Boost)  
  50  6:32  Probe (Chrono Boost), Nexus  
  58  6:40  Graviton Catapult (Chrono Boost)  
  58  6:42  Probe  
  59  6:47  Probe  
  59  6:52  Robotics Facility  
  59  6:53  Pylon  
  60  6:54  Probe  
  60  6:56  Gateway  
  60  6:59  Pylon  
  61  7:05  Probe  
  61  7:07  Mothership Core  
  64  7:09  Pylon  
  64  7:15  Twilight Council  
  64  7:17  Probe  
  65  7:28  Probe  
Tags
 
Add a new tag
Caveats
  • Supply blocks, unpowered buildings, or Contaminate may cause inaccurate times.
  • Supply counts are checked every 10 seconds.